 Dungeon Crawl Stone Soup version 0.31-a0-986-g5e6e4ef867 (webtiles) character file.

Game seed: 17895276051361481089

47 Getoffmy the Trooper (level 3, 29/29 HPs)
             Began as a Demonspawn Fighter on Nov 11, 2023.
             Was a Follower of Dithmenos.
             Got out of the dungeon alive.
             The game lasted 00:01:21 (614 turns).

Getoffmy the Trooper (Demonspawn Fighter)            Turns: 614, Time: 00:01:22

Health: 29/29      AC:  9    Str: 18    XL:     3   Next: 48%
Magic:  3/3        EV:  7    Int:  9    God:    Dithmenos [*.....]
Gold:   36         SH:  4    Dex: 12    Spells: 2/2 levels left

rFire   . . .        a - +0 war axe
rCold   . . .        c - +0 buckler
rNeg    . . .        i - +0 chain mail
rPois   .            (no helmet)
rElec   .            (no cloak)
rCorr   .            (no gloves)
SInv    .            (no boots)
Will    .....        (no amulet) Stlth
                     (no ring)
HPRegen 0.24/turn    (no ring)
MPRegen 0.08/turn

%: no passive effects
@: wreathed by umbra
A: demonic guardian 1, demonic touch 1
a: Renounce Religion


You escaped.
You worshipped Dithmenos.
Dithmenos was aware of your devotion.
You visited 1 branch of the dungeon, and saw 1 of its levels.

You collected 36 gold pieces.

Inventory:

Hand Weapons
 a - a +0 war axe (weapon)
Missiles
 e - 4 boomerangs
Armour
 c - a +0 buckler (worn)
 i - a +0 chain mail (worn)
Scrolls
 b - a scroll of immolation {unknown}
 f - 2 scrolls of identify {unknown}
 g - a scroll of teleportation {unknown}
 j - a scroll of poison {unknown}
Potions
 d - a potion of might
 h - a potion of degeneration {unknown}


   Skills:
 + Level 3.3 Fighting
 * Level 2.6 Axes
 + Level 3.0 Armour
 + Level 3.0 Shields


You had 2 spell levels left.
You didn't know any spells.
Your spell library was empty.

Dungeon Overview and Level Annotations

Branches:
Dungeon (1/15)

Altars:
Dithmenos


Innate Abilities, Weirdness & Mutations

A weak demonic guardian rushes to your aid.
Your touch may inflict minor irresistible damage on your foes.


Message History

No target in view!
No target in view!
No target in view!
No target in view!
No target in view!
No target in view!
No target in view!
Things that are here:
a +0 club; a goblin corpse
There is a faded altar of an unknown god here.
This altar belongs to (a) Dithmenos, (b) Okawaru or (c) Wu Jian, but you can't tell which.
Press the corresponding letter to learn more about a god, or press enter to convert or escape to cancel.
Dithmenos accepts your prayer! Dithmenos welcomes you!
You are shrouded in an aura of darkness!
Things that are here:
a +0 club; a goblin corpse A kobold comes into view.
It is wielding a +0 whip.
Found 17 gold pieces and a club.
A kobold is nearby!
A kobold is nearby!
You see here a +0 robe.
You closely miss the kobold. The kobold hits you with a +0 whip.
The kobold hits you but does no damage.
You closely miss the kobold. The kobold barely misses you.
You slash the kobold!
You kill the kobold!
Dithmenos accepts your kill.
No target in view!
No target in view!
No target in view!
No target in view!
No target in view!
No target in view!
No target in view!
No target in view!
No target in view!
No target in view!
You see here a +0 robe.
There is a staircase leading out of the dungeon here.
You have escaped!

####### ##.....##
#.#####.##
#####.8≈8≈8..#
###.....~≈≈≈~.@#
##...###.8≈8≈8..#
#..### #.#####.##
##.## ##. .##
#..# ## ## #.##
#.# #.# #.#


There were no monsters in sight!

Vanquished Creatures
  2 gnolls (D:1)
  A dart slug (D:1)
  2 bats (D:1)
  3 endoplasms (D:1)
  3 goblins (D:1)
  3 hobgoblins (D:1)
  6 kobolds (D:1)
  A quokka (D:1)
  2 rats (D:1)
23 creatures vanquished.

Notes
Turn   | Place    | Note
-------+----------+-------------------------------------------
     0 | D:1      | Getoffmy the Demonspawn Fighter began the quest for the
                  | Orb.
     0 | D:1      | Reached XP level 1. HP: 18/18 MP: 1/1
   179 | D:1      | Gained mutation: Your touch may inflict minor irresistible
                  | damage on your foes. [demonic ancestry]
   179 | D:1      | Reached XP level 2. HP: 24/24 MP: 2/2
   425 | D:1      | Gained mutation: A weak demonic guardian rushes to your
                  | aid. [demonic ancestry]
   425 | D:1      | Reached XP level 3. HP: 21/29 MP: 3/3
   498 | D:1      | Found a faded altar of an unknown god.
   513 | D:1      | Prayed at the altar of an unknown god.
   513 | D:1      | Became a worshipper of Dithmenos the Shadowed
   513 | D:1      | Reached * piety under Dithmenos
   614 | D:$      | Got out of the dungeon alive.

Illustrated notes

Levels and vault maps discovered:
D:1:      lightli_arrival_statue_moat, layout_loops_ring,
          chequers_ecumenical_altar_twisty

Skill      XL: |  1  2 |
---------------+-------+-----
Axes           | 2 |  2.6
Armour         | 3 |  3.0
Shields        | 3 |  3.0
Fighting       | |  3.3

Action                     || total
---------------------------++-------
  Melee: War axe           ||    52
 Armour: Scale mail        ||     8
         Chain mail        ||    33
  Dodge: Dodged            ||    13
  Block: Buckler           ||    12

Table legend: (Time is in decaauts)
 A = Elapsed time spent in this place.
 B = Non-inter-level travel time spent in this place.
 C = Inter-level travel time spent in this place.
 D = Time resting spent in this place.
 E = Time spent auto-exploring this place.
 F = Levels seen in this place.
 G = Mean time per level.
                   A        B        C        D        E       F      G
               +--------+--------+--------+--------+--------+-----+--------+
         Total |    635 |    593 |     42 |     87 |    353 |   1 |  635.0 |
       Dungeon |    635 |    593 |     42 |     87 |    353 |   1 |  635.0 |
               +--------+--------+--------+--------+--------+-----+--------+

Top non-repeatable levels by time:
     D:1: 635 daAuts
